Map: Solaris LE

Players

llllllllllll (SortOf)

  • Race: Zerg Zerg
  • League: Grandmaster
  • Spawn Location: 7:00

NORTHAMERICA - Winner!

  • Race: Protoss Protoss
  • League: Grandmaster
  • Spawn Location: 1:00

VOD

Have the link to the VOD?

Description

Time

  • Played on: Oct. 16, 2023, 12:05 a.m.
  • Length: 10:52
Show
View Real Time Build Order
Export as new Build Order

llllllllllll Zerg 

Build Orders: Hatch First 

Get SALT Encoding   

  12  0:00  Drone  
  13  0:13  Overlord  
  13  0:17  Drone  
  14  0:33  Drone x2  
  16  0:49  Hatchery  
  15  0:52  Drone  
  15  0:55  Drone  
  17  0:59  Drone  
  18  1:11  Extractor  
  17  1:14  Spawning Pool  
  17  1:18  Drone  
  17  1:21  Drone  
  18  1:28  Drone  
  19  1:39  Drone  
  20  1:50  Overlord  
  20  2:01  Queen  
  22  2:02  Zergling x2, Drone, Queen  
  26  2:12  Zergling x2  
  26  2:14  Drone, Metabolic Boost  
  28  2:23  Drone x2  
  30  2:36  Drone  
  31  2:37  Hatchery  
  31  2:42  Queen  
  32  2:46  Drone  
  32  2:48  Overlord  
  33  2:55  Drone  
  34  2:58  Drone x2  
  36  3:06  Queen  
  36  3:08  Overlord  
  36  3:11  Zergling x2  
  36  3:12  Drone  
  40  3:13  Drone  
  40  3:18  Drone x3  
  44  3:26  Queen  
  46  3:27  Overlord  
  46  3:35  Drone x3  
  46  3:40  Zergling x4  
  51  3:43  Drone  
  51  3:45  Overlord  
  51  3:47  Drone  
  53  3:49  Drone x2  
  53  3:51  Queen  
  53  3:54  Overlord  
  57  3:56  Drone  
  57  4:01  Evolution Chamber, Overlord  
  57  4:03  Drone  
  57  4:05  Drone  
  57  4:09  Drone x3  
  61  4:13  Queen  
  63  4:17  Drone  
  63  4:21  Roach Warren  
  63  4:23  Drone x2  
  64  4:25  Drone  
  64  4:27  Drone x2  
  64  4:30  Drone  
  68  4:38  Drone x2  
  68  4:39  Extractor  
  68  4:40  Zerg Melee Weapons Level 1  
  68  4:42  Extractor  
  68  4:46  Zergling x16  
  68  4:50  Queen  
  77  4:56  Drone x5  
  81  5:02  Drone  
  81  5:03  Overlord  
  81  5:07  Lair  
  81  5:10  Overlord  
  81  5:18  Overlord  
  81  5:21  Queen, Hatchery  
  81  5:24  Drone x4  
  86  5:29  Drone x4  
  86  5:31  Zergling x4, Spore Crawler  
  91  5:35  Drone x3  
  91  5:36  Drone  
  90  5:42  Extractor  
  90  5:43  Extractor  
  90  5:44  Drone x4  
  92  5:52  Spore Crawler  
  92  5:56  Queen  
  91  5:59  Overlord  
  91  6:02  Drone x8  
  91  6:03  Queen  
  102  6:07  Overlord  
  102  6:14  Infestation Pit  
  102  6:18  Roach x6  
  112  6:21  Unknown  
  112  6:22  Overlord  
  111  6:27  Roach x4  
  111  6:32  Extractor  
  118  6:35  Baneling Nest  
  118  6:37  Drone x3  
  118  6:39  Overlord x2  
  120  6:43  Spire  
  118  6:48  Overlord  
  118  6:49  Drone x7  
  118  6:52  Neural Parasite  
  118  6:53  Infestor  
  127  6:56  Burrow  
  127  7:05  Overlord x4  
  127  7:13  Overlord  
  127  7:15  Overlord  
  127  7:16  Infestor x2  
  127  7:17  Overlord  
  129  7:26  Spire  
  129  7:27  Spire  
  128  7:32  Queen x2  
  126  7:42  Overlord  
  120  7:51  Drone x9  
  129  7:53  Spawning Pool  
  120  8:14  Overlord  
  120  8:17  Hatchery  
  119  8:21  Overlord, Spawning Pool  
  118  8:31  Infestor x5  
  126  8:34  Infestor  
  126  8:37  Overlord  
  126  8:38  Corruptor  
  126  8:39  Corruptor x5  
  137  8:44  Lair  
  137  8:45  Zergling x12  
  142  8:57  Extractor  
  142  8:58  Extractor  
  142  8:59  Hatchery  
  142  9:00  Roach x5  
  142  9:02  Queen  
  151  9:07  Extractor, Overlord  
  150  9:16  Overlord  
  150  9:17  Zergling x6  
  150  9:23  Zergling x4  
  155  9:31  Hatchery  
  153  9:35  Drone x3  
  153  9:37  Drone x2  
  158  9:40  Evolution Chamber  
  158  9:43  Baneling Nest  
  158  9:44  Drone x3  
  158  9:46  Drone x3  
  158  9:52  Infestation Pit  
  160  9:55  Drone x3  
  160  9:56  Queen  
  160  9:57  Queen x2  
  167  10:04  Roach x7  
  180  10:17  Overlord  
  180  10:21  Corruptor x4  
  180  10:24  Zergling x10  
Show
View Real Time Build Order
Export as new Build Order

NORTHAMERICA Protoss - Winner!

Build Orders: 1 Gate Expand 

Get SALT Encoding   

  12  0:00  Probe  
  13  0:13  Probe  
  14  0:23  Pylon  
  14  0:25  Probe  
  15  0:41  Probe (Chrono Boost)  
  15  0:42  Gateway  
  16  0:52  Assimilator, Probe (Chrono Boost)  
  17  0:57  Probe (Chrono Boost)  
  18  1:08  Probe  
  19  1:20  Probe  
  20  1:27  Nexus  
  20  1:34  Cybernetics Core  
  20  1:36  Probe  
  21  1:43  Assimilator  
  21  1:48  Probe (Chrono Boost)  
  21  1:52  Pylon  
  22  2:00  Probe (Chrono Boost)  
  23  2:08  Probe (Chrono Boost), Adept (Chrono Boost)  
  26  2:20  Probe  
  27  2:23  Stargate  
  27  2:33  Stalker  
  27  2:34  Probe (Chrono Boost)  
  30  2:39  Probe (Chrono Boost)  
  30  2:42  Warp Gate  
  32  2:48  Probe (Chrono Boost)  
  32  2:49  Probe (Chrono Boost)  
  33  2:53  Probe (Chrono Boost)  
  33  2:56  Probe  
  35  3:05  Probe  
  35  3:08  Probe  
  41  3:13  Void Ray (Chrono Boost)  
  41  3:17  Probe  
  42  3:20  Probe  
  42  3:25  Pylon  
  43  3:29  Gateway  
  43  3:30  Probe  
  43  3:32  Probe  
  43  3:33  Assimilator  
  45  3:35  Assimilator  
  45  3:42  Probe (Chrono Boost)  
  45  3:47  Fleet Beacon  
  45  3:48  Probe (Chrono Boost)  
  47  3:54  Probe (Chrono Boost)  
  48  4:00  Probe x2 (Chrono Boost)  
  50  4:08  Probe x2  
  50  4:09  Stargate  
  52  4:20  Probe  
  52  4:21  Probe  
  52  4:22  Nexus  
  54  4:26  Pylon  
  54  4:36  Pylon  
  54  4:43  Tempest (Chrono Boost)  
  54  4:44  Probe x2  
  61  4:51  Pylon  
  59  4:55  Pylon  
  59  4:56  Adept  
  66  5:05  Probe  
  67  5:09  Tempest (Chrono Boost)  
  67  5:10  Pylon  
  67  5:14  Probe  
  67  5:15  Tempest (Chrono Boost)  
  67  5:18  Probe  
  74  5:26  Adept, Probe  
  74  5:27  Adept  
  79  5:38  Probe  
  79  5:40  Probe  
  84  5:44  Tempest (Chrono Boost)  
  84  5:47  Tempest (Chrono Boost)  
  84  5:48  Pylon  
  84  5:49  Zealot  
  91  5:51  Probe  
  91  5:53  Shield Battery  
  91  5:54  Probe  
  93  5:57  Probe  
  93  6:03  Probe  
  95  6:06  Probe  
  95  6:07  Forge  
  95  6:09  Twilight Council  
  95  6:10  Probe  
  97  6:15  Probe  
  97  6:17  Pylon  
  97  6:18  Probe  
  99  6:23  Probe  
  100  6:26  Pylon  
  100  6:27  Shield Battery, Probe  
  100  6:30  Probe  
  102  6:35  Robotics Facility, Assimilator, Probe  
  102  6:37  Assimilator  
  103  6:42  Unknown  
  103  6:46  Void Ray  
  111  6:50  Void Ray  
  111  6:55  Charge  
  111  6:58  Protoss Air Weapons Level 1 (Chrono Boost)  
  111  6:59  Gateway x2, Protoss Ground Weapons Level 1  
  111  7:06  Photon Cannon  
  111  7:07  Probe  
  112  7:24  Nexus  
  112  7:25  Pylon  
  112  7:29  Void Ray  
  120  7:41  Void Ray  
  120  7:47  Templar Archives  
  120  7:49  Gateway  
  120  7:51  Gateway  
  120  7:54  Gateway  
  120  7:56  Gateway  
  120  8:07  Zealot x4  
  120  8:12  Void Ray  
  132  8:22  Observer  
  133  8:27  Photon Cannon  
  133  8:28  Photon Cannon  
  133  8:30  Photon Cannon  
  133  8:31  Shield Battery  
  133  8:32  Pylon  
  133  8:39  Void Ray (Chrono Boost)  
  132  8:44  Immortal  
  132  8:45  High Templar x2, Zealot x2  
  132  8:46  Zealot  
  146  8:54  Void Ray (Chrono Boost)  
  148  8:59  Probe  
  149  9:03  Shield Battery  
  149  9:05  Zealot x3, Archon  
  155  9:12  Probe  
  155  9:14  Probe  
  156  9:17  Void Ray  
  156  9:25  Photon Cannon  
  156  9:26  Pylon  
  156  9:33  Gateway  
  156  9:35  Gateway  
  156  9:37  Pylon  
  156  9:38  Pylon  
  156  9:40  Dark Shrine  
  156  9:44  Pylon, Probe  
  157  9:47  Photon Cannon  
  157  9:50  High Templar x2, Photon Cannon  
  157  9:51  High Templar  
  163  9:56  High Templar  
  163  10:01  Zealot x2  
  163  10:02  Zealot x2  
  163  10:03  Archon  
  163  10:04  Archon  
  172  10:07  Observer (Chrono Boost)  
  170  10:14  Assimilator  
  170  10:16  Assimilator  
  176  10:25  Nexus  
  176  10:27  Photon Cannon, Pylon  
  141  10:47  Zealot x6  
Tags
 
Add a new tag
Caveats
  • Supply blocks, unpowered buildings, or Contaminate may cause inaccurate times.
  • Supply counts are checked every 10 seconds.